AoeStats
← whosyourmama

Golden Pit

507970753Analyzed
1v1 RM · 13d ago on Sep 20, 2026· 51m 33s· 2 players
Game mode
Random Map
Map size
Tiny (2 player)
Population
200
Speed
Normal
Resources
Standard
Victory
Conquest
Starting age
Dark Age
Ending age
Imperial Age
RankedLock teamsTeams togetherTeam positionsShared explorationLock speedFull tech treeHidden civsTurbo modeCheats
Victory
Defeat
🇭🇰 Burgundians · Hong Kong SAR China
1413
+15
🇭🇰 Spanish · Hong Kong SAR China
1395
-15
whosyourmama
0:50 Loom
12:18 Feudal Age
14:06 Man-at-Arms
17:33 Horse Collar
25:11 Castle Age
25:56 Fletching
26:07 Padded Archer Armor
27:01 Wheelbarrow
26:25 Double-Bit Axe
26:44 Bodkin Arrow
27:22 Elite Skirmisher
31:55 Ballistics
40:43 Bow Saw
44:19 Imperial Age
42:54 Hand Cart
44:52 Scale Mail Armor
45:36 Scale Barding Armor
45:42 Forging
45:25 Light Cavalry
46:15 Bloodlines
46:05 Husbandry
47:43 Chain Barding Armor
49:38 Plate Barding Armor
49:30 Hussar
soming06
4:52 Loom
9:25 Feudal Age
9:16 Double-Bit Axe
13:36 Horse Collar
14:06 Arson
22:48 Castle Age
24:19 Fletching
24:34 Squires
24:14 Crossbowman
26:51 Scale Mail Armor
26:59 Padded Archer Armor
28:42 Wheelbarrow
29:10 Bodkin Arrow
34:30 Scale Barding Armor
35:23 Ballistics
36:07 Husbandry
40:37 Cavalier
41:58 Forging
47:38 Imperial Age
47:31 Heavy Plow
47:49 Hand Cart
47:19 Town Watch
48:34 Chain Barding Armor
50:10 Chemistry
49:38 Paladin
Connection lost

Rejoining the realm…

Still unreachable

The connection could not be restored.

Session expired

The server has moved on; the page needs a fresh start.